 Dungeon Crawl Stone Soup version 0.22-a0-322-g60b3cfd (webtiles) character file.

4088 b5mith the Fighter (level 10, -1/86 HPs)
             Began as a Barachi Fighter on Apr 3, 2018.
             Was a Priest of Wu Jian.
             Slain by an ice beast (14 damage)
             ... on level 9 of the Dungeon.
             The game lasted 00:19:33 (5993 turns).

b5mith the Fighter (Barachi Fighter)                Turns: 5993, Time: 00:19:34

Health: -1/86      AC: 20    Str: 26    XL:     10   Next: 26%
Magic:  10/10      EV: 11    Int:  8    God:    Wu Jian [***...]
Gold:   315        SH: 12    Dex: 12    Spells: 9/9 levels left

rFire    . . .     SeeInvis .   a - +2 flail (protect)
rCold    . . .     Gourm    +   c - +0 shield
rNeg     + . .     Faith    .   b - +0 scale mail
rPois    .         Spirit   .   (no helmet)
rElec    .         Reflect  .   B - +0 cloak
rCorr    .         Harm     .   e - +0 pair of gloves
MR       .....                  t - +1 pair of boots
Stlth    ..........             n - amulet of the gourmand
HPRegen  0.24/turn              o - ring of positive energy
MPRegen  0.12/turn              (no ring)

@: mighty, protection aura, slow
A: +LOS, swims, slowness 1, strong legs 1
a: Hop, Wall Jump, Serpent's Lash, Renounce Religion


You were on level 9 of the Dungeon.
You worshipped Wu Jian.
Wu Jian was most pleased with you.
You were very full.

You visited 1 branch of the dungeon, and saw 7 of its levels.

You collected 315 gold pieces.

Inventory:

Hand Weapons
 a - a +2 flail of protection (weapon)
 h - a +0 flail
 w - a +2 mace of protection
 y - a +0 flail of crushing
Armour
 b - a +0 scale mail (worn)
 c - a +0 shield (worn)
 e - a +0 pair of gloves (worn)
 t - a +1 pair of boots (worn)
 B - a +0 cloak (worn)
Jewellery
 n - an amulet of the gourmand (around neck)
 o - a ring of positive energy (left hand)
 x - an uncursed amulet of regeneration {unknown}
Wands
 d - a wand of polymorph (30)
 r - a wand of digging (10)
Scrolls
 g - a scroll of magic mapping
 i - 6 scrolls of remove curse {@r2}
 k - 2 scrolls of amnesia
 m - a scroll of fear
 p - 3 scrolls of teleportation {unknown}
 s - 2 scrolls of enchant weapon {unknown}
 v - 2 scrolls of immolation {unknown}
 A - a scroll of random uselessness {unknown}
 C - a scroll of identify {@r1}
Potions
 j - a potion of curing {unknown}
 l - a potion of might
 q - a potion of degeneration {unknown}
 u - a potion of agility {unknown}
 z - a potion of haste
Comestibles
 f - 11 rations


   Skills:
 + Level 10.9 Fighting
 + Level 9.7 Maces & Flails
 + Level 9.2 Armour
 + Level 4.3 Dodging
 + Level 8.5 Shields


You had 9 spell levels left.
You didn't know any spells.

Dungeon Overview and Level Annotations

Branches:
Dungeon (6/15)             Temple (0/1) D:4

Altars:
Wu Jian


Innate Abilities, Weirdness & Mutations

Shadows flee at your approach. (+LOS)
You can swim through water.
You cover ground slowly.
You can hop short distances.


Message History

The two-headed ogre hits you with a dire flail!!
* * * LOW HITPOINT WARNING * * *
You block the two-headed ogre's attack.
You bludgeon the two-headed ogre!!
Your weapon exudes an aura of protection.
The two-headed ogre is almost dead.
You block the two-headed ogre's attack. The two-headed ogre barely misses you.
You sock the two-headed ogre!
You kill the two-headed ogre!
The Council accepts your kill.
Your Dodging skill increases to level 4!
You block the ice beast's attack.
You closely miss the ice beast. You block the ice beast's attack.
You closely miss the ice beast. You block the ice beast's attack.
You sock the ice beast!
The ice beast is severely wounded.
The ice beast hits you.
* * * LOW HITPOINT WARNING * * *
The ice beast freezes you!
You die...

..# #########
..#####.[.....#
..............#
..............#
..............#
.)............####
.................#
.................####
................@Y..#
......###########)..#
......# #...##
......# #....#
......# #....#
......# #....#
......# #....#
......# #.....####
....... .......(#


You could see an ice beast.

Vanquished Creatures
  A two-headed ogre (D:9)
  Pikel (D:5)
  Edmund (D:4)
  An ice beast (D:6)
  Purgy (D:3)
  A sky beast (D:5)
  2 orc warriors
  2 ogres
  A necrophage (D:5)
  2 phantoms (D:5)
  A centaur (D:6)
  A big kobold (D:9)
  A bullfrog (D:6)
  A wyvern zombie (D:9)
  6 killer bees (D:9)
  3 wights (D:9)
  2 crimson imps
  The ghost of NervFog the Gusty, a weakling TeAE (D:3)
  A hound (D:4)
  7 orc priests
  2 jellies
  Jessica (D:2)
  Ijyb (D:3)
  Natasha (thrice) (D:2)
  An iguana (D:5)
  7 orc wizards
  5 worker ants
  A hound skeleton (D:4)
  Robin (D:3)
  5 adders
  7 gnolls
  2 shadow imps (D:5)
  An ooze (D:2)
  8 worms
  3 dart slugs
  2 leopard geckos (D:3)
  15 orcs
  6 bats
  6 giant cockroaches
  9 goblins
  12 hobgoblins
  7 jackals
  16 kobolds
  4 quokkas
  2 ball pythons
  12 frilled lizards
  A leopard gecko skeleton (D:4)
  13 rats (D:1)
190 creatures vanquished.

Notes
Turn   | Place    | Note
-------+----------+-------------------------------------------
     0 | D:1      | b5mith the Barachi Fighter began the quest for the Orb.
     0 | D:1      | Reached XP level 1. HP: 18/18 MP: 1/1
    30 | D:1      | Reached XP level 2. HP: 15/25 MP: 2/2
   587 | D:1      | Reached skill level 4 in Fighting
   595 | D:1      | Reached XP level 3. HP: 27/30 MP: 3/3
  1448 | D:2      | Noticed Natasha
  1458 | D:2      | Killed Natasha
  1458 | D:2      | Reached XP level 4. HP: 9/38 MP: 4/4
  1563 | D:2      | Noticed Natasha
  1574 | D:2      | Killed Natasha
  1654 | D:2      | Noticed Natasha
  1658 | D:2      | Killed Natasha
  1658 | D:2      | Reached XP level 5. HP: 31/43 MP: 5/5
  1848 | D:2      | Found an ornate altar of the Wu Jian Council.
  1873 | D:2      | Became a worshipper of the Wu Jian Council
  2123 | D:2      | Noticed Jessica
  2130 | D:2      | Killed Jessica
  2450 | D:3      | Noticed Ijyb
  2499 | D:3      | Noticed Purgy
  2527 | D:3      | Reached skill level 9 in Fighting
  2527 | D:3      | Reached XP level 6. HP: 13/59 MP: 6/6
  2550 | D:3      | Killed Ijyb
  2551 | D:3      | Killed Purgy
  2551 | D:3      | Reached XP level 7. HP: 31/65 MP: 7/7
  2554 | D:3      | Reached * piety under Wu Jian
  3197 | D:3      | Noticed NervFog's ghost (weakling TeAE)
  3198 | D:3      | Noticed Robin
  3205 | D:3      | Killed NervFog's ghost
  3213 | D:3      | Killed Robin
  3907 | D:4      | Reached ** piety under Wu Jian
  3980 | D:4      | Found a staircase to the Ecumenical Temple.
  4022 | D:4      | Reached skill level 10 in Fighting
  4022 | D:4      | Reached skill level 1 in Dodging
  4022 | D:4      | Reached XP level 8. HP: 72/72 MP: 8/8
  4095 | D:4      | Noticed Edmund
  4117 | D:4      | Killed Edmund
  4242 | D:5      | Entered Level 5 of the Dungeon
  4598 | D:5      | Noticed Pikel
  4621 | D:5      | Killed Pikel
  4621 | D:5      | Reached XP level 9. HP: 51/79 MP: 9/9
  5167 | D:6      | Reached *** piety under Wu Jian
  5397 | D:6      | You fall through a shaft for 3 floors!
  5844 | D:9      | Reached XP level 10. HP: 75/86 MP: 10/10
  5972 | D:9      | Noticed a two-headed ogre
  5990 | D:9      | Killed a two-headed ogre
  5993 | D:9      | Slain by an ice beast

Vault maps used:
D:1:      erik_arrival_orb_chamber
D:2:      old_standard_altar, serial_co_window_serial, co_window_paths_a,
          co_window_paths_b, co_window_paths_b, co_window_cross_1,
          co_window_corner_a, co_window_corner_b, co_window_unsneaky_path_b,
          co_window_of_opportunity_b, co_window_corner_b, co_window_broadway_a,
          co_window_corner_ca, co_window_2corner, co_window_4corner_a,
          glass_columns_c, glass_columns_c, glass_columns_a, glass_columns_a,
          glass_columns_a, st_stairs_13, kennysheep_generic_room_7,
          uniq_natasha, uniq_jessica
D:3:      cheibrodos_sewer_entry_bend, minivault_25, uniq_purgy, uniq_ijyb,
          uniq_robin
D:4:      temple_statues, minivault_1, serial_bayou_crossing, uniq_edmund
D:5:      first_ration, kennysheep_small_spiral, uniq_pikel
D:6:      uniq_duvessa
D:9:      kennysheep_little_box, grunt_pizzeria

Skill      XL: |  1  2  3  4  5  6  7  8  9 10 |
---------------+-------------------------------+-----
Fighting       | 4 9 10 | 10.9
Armour         | 4 7 8 9 |  9.2
Maces & Flails | 3 8 9 |  9.7
Shields        | 4 6 7 8 |  8.5
Dodging        | 1 2 3 4 |  4.3

Action                   |  1- 3 |  4- 6 |  7- 9 | 10-12 || total
-------------------------+-------+-------+-------+-------++-------
Melee: Flail             |   156 |    75 |   302 |    45 ||   578
       Unarmed           |       |     6 |       |       ||     6
       Mace              |       |       |   118 |       ||   118
Invok: Lunge             |       |     3 |    18 |     1 ||    22
       Whirlwind         |       |       |     4 |     2 ||     6
       Wall Jump         |       |       |     1 |     1 ||     2
 Abil: Wall Jump         |       |       |       |     1 ||     1
Evoke: Wand              |       |     3 |     3 |       ||     6
  Use: Potion            |     1 |     5 |       |     1 ||     7
       Scroll            |       |     6 |     2 |       ||     8
  Eat: Chunk             |     3 |    11 |    14 |     1 ||    29
Armor: Scale mail        |    81 |    26 |   134 |    16 ||   257
       Skin              |       |   140 |     6 |       ||   146
Dodge: Dodged            |    42 |    53 |   102 |    11 ||   208
Block: Shield            |    85 |   108 |   171 |    20 ||   384

Table legend:
 A = Spawn XP
 B = Non-spawn XP
 C = Spawn XP percentage of total XP
 D = Spawn monster count
 E = Non-spawn monster count
 F = Spawn count percentage of total count
 G = Total turns spent on level
                    A         B        C        D         E        F      G
               +---------+---------+-------+---------+---------+-------+---------
         Total |       0 |    5614 |   0.0 |       0 |     190 |   0.0 |  5993
               +---------+---------+-------+---------+---------+-------+---------
           D:1 |       0 |      60 |   0.0 |       0 |      42 |   0.0 |  1323
           D:2 |       0 |     183 |   0.0 |       0 |      20 |   0.0 |  1127
           D:3 |       0 |     478 |   0.0 |       0 |      49 |   0.0 |  1010
           D:4 |       0 |     425 |   0.0 |       0 |      13 |   0.0 |   782
           D:5 |       0 |    1846 |   0.0 |       0 |      33 |   0.0 |   834
           D:6 |       0 |     638 |   0.0 |       0 |      10 |   0.0 |   321
           D:9 |       0 |    1984 |   0.0 |       0 |      23 |   0.0 |   596
               +---------+---------+-------+---------+---------+-------+---------
